 Dungeon Crawl Stone Soup version 0.27-a0-1144-g0b7d3b79db (webtiles) character file.

Game seed: 11038123853620815137

6 neco the Grasshopper (level 1, -2/19 HPs)
             Began as a Naga Warper on May 10, 2021.
             Was a Follower of Kikubaaqudgha.
             Slain by a quokka (4 damage)
             ... on level 1 of the Dungeon.
             The game lasted 00:10:31 (207 turns).

neco the Grasshopper (Naga Warper)                   Turns: 207, Time: 00:10:32

Health: -2/19      AC:  1    Str: 13    XL:     1   Next: 90%
Magic:  3/3        EV:  9    Int: 13    God:    Kikubaaqudgha [*.....]
Gold:   15         SH:  0    Dex: 10    Spells: 4/4 levels left

rFire    . . .     SeeInvis +   a - +0 falchion
rCold    . . .     Faith    .   (no shield)
rNeg     . . .     Spirit   .   b - +0 leather armour
rPois    +         Reflect  .   (no helmet)
rElec    .         Harm     .   (no cloak)
rCorr    .         Rampage  .   (no gloves)
Will     .....                  (no barding)
Stlth    +.........             (no amulet)
HPRegen  0.06/turn              (no ring)
MPRegen  0.08/turn              (no ring)

@: very slow
A: AC +0, large, see invisible, deformed body, poison resistance, slowness 2,
spit poison 1, naga tail 1
a: Spit Poison, Renounce Religion, Receive Corpses


You were on level 1 of the Dungeon.
You worshipped Kikubaaqudgha.
Kikubaaqudgha was aware of your devotion.
You visited 1 branch of the dungeon, and saw 1 of its levels.

You collected 15 gold pieces.

Inventory:

Hand Weapons
 a - a +0 falchion (weapon)
 c - a +0 hand axe
 f - a +0 club
Missiles
 h - 15 arrows
Armour
 b - a +0 leather armour (worn)


   Skills:
 + Level 2.0 Fighting
 + Level 2.0 Long Blades
 + Level 0.8 Throwing
 + Level 0.8 Armour
 + Level 1.5 Dodging
 + Level 2.1 Spellcasting
 + Level 3.3 Translocations


You had 4 spell levels left.
You didn't know any spells.
Your spell library contained the following spells:

 Spells                   Type           Power      Damage    Failure   Level
 Blink                    Tloc           N/A        N/A       13%         2
 Gell's Gravitas          Tloc           4%         N/A       26%         3
 Lesser Beckoning         Tloc           4%         N/A       26%         3
 Teleport Other           Tloc           9%         N/A       26%         3
 Manifold Assault         Tloc           9%         N/A       93%         5


Dungeon Overview and Level Annotations

Branches:
Dungeon (1/15)

Altars:
Kikubaaqudgha


Innate Abilities, Weirdness & Mutations

Your serpentine skin is tough. (AC +0)
You have supernaturally acute eyesight. (SInv)
Armour fits poorly on your strangely shaped body.
Your system is resistant to poisons. (rPois)
You cover ground very slowly.
You can spit poison.
You have a snake-like lower body.


Message History

The boomerang of dispersal hits the rat.
The rat blinks!
You feel a bit more experienced.
Found an escape hatch in the floor.
There is an escape hatch in the floor here.
A hobgoblin comes into view.
Found a faded altar of an unknown god.
The hobgoblin barely misses you.
You are too injured to fight recklessly!
Blink to where?
Press: ? - help, Dir - move target, f - you
Okay, then.
Unknown command.
Blink to where?
Press: ? - help, Dir - move target, f - you
Okay, then.
Blink to where?
Press: ? - help, Dir - move target
As you read the scroll of blinking, it crumbles to dust.
A quokka and a goblin come into view.
There is a faded altar of an unknown god here.
Unknown command.
Press < or > to pray at altars.
You cannot tell which god this altar belongs to.
Convert to them anyway?
Kikubaaqudgha accepts your prayer! Kikubaaqudgha welcomes you!
You can now receive cadavers from Kikubaaqudgha.
You see here Kikubaaqudgha's Almanac of Evil Secrets.
Kikubaaqudgha grants you a gift! The quokka bites you.
You hit the hobgoblin.
The hobgoblin is heavily wounded.
The quokka bites you.
* * * LOW HITPOINT WARNING * * *
The goblin barely misses you.
You riposte.
You hit the goblin.
You kill the goblin!
Kikubaaqudgha accepts your kill.
The hobgoblin hits you but does no damage.
The quokka bites you.
You die...
Kikubaaqudgha rasps: "You have failed me!
Welcome... death!"

*,,,,,∩,,,,,,,,**
*>*,,..,,,,,8,∩>8
*******,*,..#***,*,*,**
*,,,,,,,*#..# *,*>*8*
*,******#...# *,*,,,*
*,* *#....****,*,,***
*,* ##...#*#.....,,,,,
#.####...#* #.#..#,****
#....r@)#* #.#..#,# *
#.....g^# **#.#..#.#***
#.......#**,.......,,,,
######...####...###***,
##...#.......# *,
**#........#,* *,
*,##...#.#.#,* *,
*,,##..#.#,#,* *,
*,,*####>#,*,# *,


You could see a quokka and a hobgoblin.

Vanquished Creatures
  2 endoplasms (D:1)
  A hobgoblin (D:1)
  2 goblins (D:1)
  2 rats (D:1)
7 creatures vanquished.

Vanquished Creatures (others)
  A plant (D:1)
1 creature vanquished.

Grand Total: 8 creatures vanquished

Notes
Turn   | Place    | Note
-------+----------+-------------------------------------------
     0 | D:1      | neco the Naga Warper began the quest for the Orb.
     0 | D:1      | Reached XP level 1. HP: 19/19 MP: 3/3
   199 | D:1      | Found a faded altar of an unknown god.
   205 | D:1      | Became a worshipper of Kikubaaqudgha
   205 | D:1      | Reached * piety under Kikubaaqudgha
   205 | D:1      | Identified Kikubaaqudgha's Almanac of Evil Secrets
                  | (Kikubaaqudgha gifted it to you on level 1 of the Dungeon)
   205 | D:1      | Received a gift from Kikubaaqudgha
   207 | D:1      | Slain by a quokka

Illustrated notes

Levels and vault maps discovered:
D:1:      tarquinn_simple_flora_water_d, layout_loops_ring,
          hellmonk_ecumenical_altar_crossroads, serial_shops,
          nicolae_shop_statue_plus, shop_statue, shop, shop

Action                   || total
-------------------------++-------
Melee: Falchion          ||    12
Throw: Boomerang         ||     5
 Abil: Spit Poison       ||     1
  Use: Scroll            ||     2
Armor: Leather armour    ||     1
Dodge: Dodged            ||     8
       Rpst.: Falchion   ||     4

Table legend: (Time is in decaauts)
 A = Elapsed time spent in this place.
 B = Non-inter-level travel time spent in this place.
 C = Inter-level travel time spent in this place.
 D = Time resting spent in this place.
 E = Time spent auto-exploring this place.
 F = Levels seen in this place.
 G = Mean time per level.
                   A        B        C        D        E       F      G
               +--------+--------+--------+--------+--------+-----+--------+
         Total |    284 |    284 |      0 |      0 |      0 |   1 |  284.0 |
       Dungeon |    284 |    284 |      0 |      0 |      0 |   1 |  284.0 |
               +--------+--------+--------+--------+--------+-----+--------+

Top non-repeatable levels by time:
     D:1: 284 daAuts
